 Dungeon Crawl Stone Soup version 0.29.1-1-gd02db6906a (webtiles) character file.

Game seed: 10523732585931425504

205 safid the Shooter (level 5, -5/45 HPs)
             Began as a Minotaur Hunter on Sept 27, 2022.
             Slain by a gnoll
             ... wielding a +0 flail
              (7 damage)
             ... on level 4 of the Dungeon.
             The game lasted 00:04:02 (2565 turns).

safid the Shooter (Minotaur Hunter)                 Turns: 2565, Time: 00:04:03

Health: -5/45      AC:  4    Str: 15    XL:     5   Next: 52%
Magic:  4/4        EV: 12    Int:  6    God:
Gold:   75         SH:  0    Dex: 16    Spells: 4/4 levels left

rFire   . . .      SeeInvis .   a - +0 shortbow
rCold   . . .      Faith    .   (shield currently unavailable)
rNeg    . . .      Spirit   .   c - +0 leather armour
rPois   .          Reflect  .   (helmet restricted)
rElec   .          Harm     .   (no cloak)
rCorr   .          Rampage  .   l - +0 pair of gloves
Will    +....                   (no boots)
Stlth   +.........              n - amulet of the acrobat
HPRegen 0.15/turn               r - ring of willpower
MPRegen 0.09/turn               (no ring)

@: no status effects
A: horns 2, retaliatory headbutt
a: no special abilities


You were on level 4 of the Dungeon.
You visited 1 branch of the dungeon, and saw 4 of its levels.

You collected 195 gold pieces.
You spent 120 gold pieces at shops.

Inventory:

Hand Weapons
 a - a +0 shortbow (weapon)
Armour
 c - a +0 leather armour (worn)
 l - a +0 pair of gloves (worn)
Jewellery
 n - an amulet of the acrobat (around neck)
 r - a ring of willpower (left hand)
 w - a ring of ice
Wands
 m - a wand of flame (19)
 u - a wand of polymorph (10)
Scrolls
 d - 8 scrolls of identify
 e - 2 scrolls of poison {unknown}
 h - 3 scrolls of magic mapping {unknown}
 i - 3 scrolls of enchant weapon {unknown}
 j - 2 scrolls of summoning {unknown}
 p - 3 scrolls of teleportation {unknown}
 q - a scroll of fog
 s - a scroll of amnesia {unknown}
 v - a scroll of vulnerability {unknown}
Potions
 b - a potion of heal wounds {unknown}
 f - a potion of flight {unknown}
 g - a potion of curing {unknown}
 k - a potion of cancellation {unknown}
 o - a potion of magic {unknown}
 t - a potion of berserk rage {unknown}


   Skills:
 - Level 3.0 Fighting
 + Level 7.4 Ranged Weapons
 - Level 2.1 Dodging
 - Level 0.7 Stealth


You had 4 spell levels left.
You didn't know any spells.
Your spell library contained the following spells:

 Spells                   Type           Power      Damage    Failure   Level
 Magic Dart               Conj           0%         1d3       52%         1
 Call Imp                 Summ           0%         N/A       67%         2
 Gell's Gravitas          Tloc           0%         N/A       88%         3
 Mephitic Cloud           Conj/Pois/Air  0%         N/A       88%         3
 Teleport Other           Tloc           0%         N/A       88%         3
 Hailstorm                Conj/Ice       0%         3d3       99%         4
 Ice Form                 Ice/Tmut       0%         N/A       99%         4
 Dispersal                Tloc           0%         N/A       100%        6
 Simulacrum               Ice/Necr       0%         N/A       100%        6


Dungeon Overview and Level Annotations

Branches:
Dungeon (4/15)
 Temple: D:4-7

Altars:

Shops:
D:2 ?(   D:4 *


Innate Abilities, Weirdness & Mutations

You have a pair of horns on your head.
You reflexively headbutt those who attack you in melee.


Message History

You shoot an arrow. The arrow hits the gnoll!
You kill the gnoll!
You shoot an arrow.
The arrow hits the gnoll but does no damage.
The gnoll barely misses you. You furiously retaliate!
You headbutt the gnoll, but do no damage.
You shoot an arrow. The arrow closely misses the gnoll.
The gnoll closely misses you. The gnoll barely misses you.
You shoot an arrow. The arrow hits the gnoll.
The gnoll is moderately wounded.
The gnoll hits you with a +0 flail!
You are too injured to fight recklessly!
You are too injured to fight recklessly!
You are too injured to fight recklessly!
Fire: a) +0 shortbow
Press: ? - help, Q - select action, (/) - cycle Shift-Dir - straight line, f/p - gnoll
Aim: a gnoll, wielding a +0 flail (moderately wounded, 68% to hit)
You shoot an arrow. The arrow closely misses the gnoll.
The gnoll hits you with a +0 flail!
* * * LOW HITPOINT WARNING * * *
Fire: a) +0 shortbow
Press: ? - help, Q - select action, (/) - cycle Shift-Dir - straight line, f/p - gnoll
Aim: a gnoll, wielding a +0 flail (moderately wounded, 68% to hit)
You shoot an arrow. The arrow barely misses the gnoll.
The gnoll closely misses you. You furiously retaliate!
You headbutt the gnoll.
Unknown command.
Fire: a) +0 shortbow
Press: ? - help, Q - select action, (/) - cycle Shift-Dir - straight line, f/p - gnoll
Aim: a gnoll, wielding a +0 flail (moderately wounded, 68% to hit)
You shoot an arrow. The arrow barely misses the gnoll.
The gnoll hits you with a +0 flail.
* * * LOW HITPOINT WARNING * * *
Fire: a) +0 shortbow
Press: ? - help, Q - select action, (/) - cycle Shift-Dir - straight line, f/p - gnoll
Aim: a gnoll, wielding a +0 flail (moderately wounded, 68% to hit)
You shoot an arrow.
The arrow hits the gnoll but does no damage.
The gnoll is moderately wounded.
The gnoll hits you with a +0 flail!
You die...

.####......|.# ....
.......#.....#..(...
# #...###....#......
.. #..............P
... #.........###.##.
... #................
.. ##.............##
##)#)#.#.#...<.....#
#...g@.######.......#
#..##....# #......##
..... .....#
#..#..... ..#..
#......# ..##.#..#
..... .....#....##
#.## ∩... .....##....
.... #...## #.# ###.#
..


You could see a gnoll.

Vanquished Creatures
  A scorpion (D:4)
  3 gnolls (D:4)
  2 adders (D:3)
  An ufetubus (D:2)
  5 worms (D:2)
  A dart slug (D:1)
  5 orcs (D:3)
  8 endoplasms
  7 hobgoblins
  6 jackals
  6 kobolds
  6 quokkas
  6 ball pythons
  4 bats
  2 frilled lizards (D:1)
  3 goblins
  4 rats (D:2)
70 creatures vanquished.

Vanquished Creatures (others)
  A plant (D:4)
1 creature vanquished.

Grand Total: 71 creatures vanquished

Notes
Turn   | Place    | Note
-------+----------+-------------------------------------------
     0 | D:1      | safid the Minotaur Hunter began the quest for the Orb.
     0 | D:1      | Reached XP level 1. HP: 18/18 MP: 0/0
    94 | D:1      | Reached XP level 2. HP: 24/26 MP: 1/1
   281 | D:1      | Found a faded altar of an unknown god.
   324 | D:1      | Reached skill level 5 in Ranged Weapons
   768 | D:2      | Reached XP level 3. HP: 31/31 MP: 2/2
  1396 | D:2      | Found Kausan's Antique Weapon Emporium.
  1528 | D:2      | Reached XP level 4. HP: 35/38 MP: 3/3
  1572 | D:2      | Reached skill level 6 in Ranged Weapons
  1685 | D:2      | Found Firit's Magic Scroll Boutique.
  1693 | D:2      | Bought a scroll of identify for 24 gold pieces
  1693 | D:2      | Bought a scroll of fog for 48 gold pieces
  1693 | D:2      | Bought a scroll of identify for 24 gold pieces
  1693 | D:2      | Bought a scroll of identify for 24 gold pieces
  2508 | D:4      | Noticed a scorpion
  2515 | D:4      | Killed a scorpion
  2516 | D:4      | Reached skill level 7 in Ranged Weapons
  2516 | D:4      | Reached XP level 5. HP: 42/45 MP: 4/4
  2546 | D:4      | Found Biwkey Eraeph's Elemental Accessories.
  2563 | D:4      | HP: 2/45 [gnoll/+0 flail (2)]
  2565 | D:4      | Slain by a gnoll

Illustrated notes

Levels and vault maps discovered:
D:1:      dpeg_arrival_leaves_temple_mockup, layout_loops_ring,
          shapermc_ecumenical_altar_venn, minmay_tetromino_i4
D:2:      layout_basic, serial_shops, shop_statue, nicolae_lakefront_shop,
          nicolae_hexahallways, minmay_quadrilaterals
D:3:      layout_loops_cross
D:4:      cheibrodos_old_hovel, layout_cave_pools,
          yredelemnul_forgotten_temple_becter, minmay_temple_entry_metal_lava,
          nicolae_elemental_shop, nicolae_shop_dragon_depot,
          chequers_serial_rivers_large_a, kennysheep_big_empty_room

Skill      XL: |  1  2  3  4 |
---------------+-------------+-----
Fighting       | 3 |  3.0
Ranged Weapons | 5 7 |  7.4
Dodging        | |  2.1
Stealth        | |  0.7

Action                   |  1- 3 |  4- 6 || total
-------------------------+-------+-------++-------
 Fire: Shortbow          |   113 |    70 ||   183
Armor: Leather armour    |     6 |     5 ||    11
Dodge: Dodged            |    12 |    16 ||    28
